 Dungeon Crawl Stone Soup version 0.21.1-1-g345015fe64 (webtiles) character file.

11578 Peloso the Carver (level 11, -19/97 HPs)
             Began as a Minotaur Fighter on June 5, 2018.
             Was a High Priest of Okawaru.
             Demolished by a white ugly thing (24 damage)
             ... on level 11 of the Dungeon.
             The game lasted 00:25:28 (10404 turns).

Peloso the Carver (Minotaur Fighter)               Turns: 10404, Time: 00:25:29

Health: -19/97     AC: 19    Str: 25    XL:     11   Next: 51%
Magic:  9/10       EV:  9    Int:  5    God:    Okawaru [*****.]
Gold:   611        SH: 14    Dex: 14    Spells: 10/10 levels left

rFire    . . .     SeeInvis .   a - +1 long sword
rCold    . . .     Gourm    .   c - +1 shield
rNeg     . . .     Faith    .   i - +0 plate armour
rPois    .         Spirit   .   (helmet restricted)
rElec    .         Reflect  .   S - +2 cloak {MR+}
rCorr    .         Harm     .   m - +0 pair of gloves
MR       +....                  (no boots)
Stlth    ..........             Q - amulet of regeneration
HPRegen  0.66/turn              j - +3 ring of dexterity
MPRegen  0.12/turn              v - +2 ring of strength

@: no status effects
A: retaliatory headbutt, horns 2, MP-powered wands
a: Heroism, Finesse, Renounce Religion


You were on level 11 of the Dungeon.
You worshipped Okawaru.
Okawaru was extremely pleased with you.
You were hungry.

You visited 2 branches of the dungeon, and saw 12 of its levels.

You collected 611 gold pieces.

Inventory:

Hand Weapons
 a - a +1 long sword (weapon)
 u - a +0 hand axe of flaming
 y - the +6 hunting sling of the Forgotten Dreams {velocity, MR+ Int+2}
   (You found it on level 6 of the Dungeon)

   Any stone fired from it inflicts extra damage.
   It affects your intelligence (+2).
   It affects your resistance to hostile enchantments.
 M - a +0 hand crossbow
Missiles
 h - 150 bolts
Armour
 c - a +1 shield (worn)
 i - a +0 plate armour (worn)
 m - a +0 pair of gloves (worn)
 S - a +2 cloak of magic resistance (worn)
Jewellery
 j - a +3 ring of dexterity (left hand)
 k - a +2 ring of evasion
 l - an uncursed ring of flight
 v - a +2 ring of strength (right hand)
 x - an uncursed ring of resist corrosion
 A - an uncursed ring of protection from cold
 Q - an amulet of regeneration (around neck)
Wands
 C - a wand of disintegration (10)
 H - a wand of iceblast (7)
 J - a wand of polymorph (15)
Scrolls
 g - 4 scrolls of identify
 n - 5 scrolls of enchant weapon
 o - a scroll of enchant armour
 p - 2 scrolls of amnesia
 r - a scroll of magic mapping
 z - 2 scrolls of fear
 B - a scroll of remove curse
 F - 2 scrolls of blinking
 I - a scroll of fog
 K - a scroll of teleportation
 L - a scroll of vulnerability {unknown}
 O - a scroll of holy word {unknown}
Potions
 d - a potion of might
 e - a potion of mutation
 s - 2 potions of haste
 t - 2 potions of flight
 w - 4 potions of curing
 D - a potion of brilliance
 E - 2 potions of magic
 G - a potion of invisibility
 N - a potion of agility {unknown}
Books
 b - a book of Flames

   Spells                             Type                      Level
   a - Flame Tongue                   Conjuration/Fire             1
   b - Throw Flame                    Conjuration/Fire             2
   c - Conjure Flame                  Conjuration/Fire             3
   d - Inner Flame                    Hexes/Fire                   3
   e - Sticky Flame                   Conjuration/Fire             4
   f - Fireball                       Conjuration/Fire             5
 q - a book of Air

   Spells                             Type                      Level
   a - Shock                          Conjuration/Air              1
   b - Swiftness                      Charms/Air                   2
   c - Static Discharge               Conjuration/Air              3
   d - Airstrike                      Air                          4
   e - Lightning Bolt                 Conjuration/Air              5
Miscellaneous
 R - a phial of floods
Comestibles
 f - 16 rations


   Skills:
 + Level 9.4 Fighting
 + Level 12.7 Long Blades
 + Level 10.3 Armour
 + Level 4.6 Dodging
 + Level 2.3 Stealth
 + Level 11.1 Shields
 + Level 0.5 Invocations
 + Level 0.2 Evocations


You had 10 spell levels left.
You didn't know any spells.

Dungeon Overview and Level Annotations

Branches:
Dungeon (11/15)            Temple (1/1) D:7            Lair (0/6) D:10
    Orc (0/2) D:10

Altars:
Ashenzari
Cheibriados
Dithmenos
Elyvilon
Fedhas
Gozag
Hepliaklqana
Kikubaaqudgha
Makhleb
Nemelex Xobeh
Okawaru
Qazlal
Ru
Sif Muna
Trog
Uskayaw
Vehumet
Wu Jian
Xom
Yredelemnul
Zin
The Shining One

Shops:
D:5 %


Innate Abilities, Weirdness & Mutations

You reflexively headbutt those who attack you in melee.
You have a pair of horns on your head.
You expend magic power (3 MP) to strengthen your wands.


Message History

You feel like a meek peon again.
You see here a large rock.
You closely miss the white ugly thing.
You headbutt the white ugly thing, but do no damage.
The white ugly thing pecks you. The white ugly thing freezes you!!
* * * LOW HITPOINT WARNING * * *
You hit the white ugly thing but do no damage.
Your headbutt misses the white ugly thing.
You block the white ugly thing's attack.
You slash the white ugly thing!
The white ugly thing is lightly wounded.
The white ugly thing barely misses you. You furiously retaliate!
You headbutt the white ugly thing.
Your plate armour prevents you from hitting the white ugly thing.
You headbutt the white ugly thing!
The white ugly thing is heavily wounded.
The white ugly thing pecks you.
* * * LOW HITPOINT WARNING * * *
The white ugly thing freezes you!!
You die...

#.##. #.. ##.#.# #..
#..#.# ##.. ##.##.##
#... #..#... ##...
##|##.# #...# #..#(†#
##...# ##.##u######
#..... #..#..@.#..#
##..... #.#####....##
#...#<# #.#[..####..#
##..(### #.#.#....†..#
#.(>.)(.
#..#############(..####
#..............(.#.....
##############.########
#(........
########.########


You could see a white ugly thing.

Vanquished Creatures
  2 two-headed ogres
  An unseen horror (D:11)
  A cyclops (D:11)
  A troll (D:10)
  A hornet (D:10)
  3 hippogriffs
  18 yaks
  A human (D:10)
  A hog (D:10)
  A hungry ghost (D:8)
  A vampire mosquito (D:11)
  A soldier ant (D:10)
  Menkaure (D:4)
  2 hell hounds (D:10)
  2 phantoms
  5 orc warriors
  4 sky beasts
  A black bear (D:11)
  5 ogres
  An ice beast (D:8)
  8 centaurs
  3 big kobolds
  4 bullfrogs
  A scorpion (D:5)
  9 killer bees
  The ghost of aliadon the Skirmisher, a weakling DsFi (D:3)
  A howler monkey (D:4)
  5 crimson imps
  4 hounds
  2 centaur zombies
  4 orc priests
  3 bullfrog skeletons
  15 orc wizards
  6 worker ants
  A hound zombie (D:10)
  A hound skeleton (D:7)
  A worker ant zombie (D:8)
  5 gnolls
  A howler monkey skeleton (D:7)
  9 adders
  A shadow imp (D:8)
  2 oozes (D:1)
  An adder zombie (D:5)
  An adder skeleton (D:5)
  3 worms
  4 dart slugs
  2 leopard geckos
  42 orcs
  5 giant cockroaches
  10 goblins
  10 hobgoblins
  14 jackals
  57 kobolds
  3 quokkas
  2 ball pythons (D:1)
  7 bats
  4 frilled lizards
  A leopard gecko skeleton (D:4)
  3 rats
309 creatures vanquished.

Notes
Turn   | Place    | Note
-------+----------+-------------------------------------------
     0 | D:1      | Peloso the Minotaur Fighter began the quest for the Orb.
     0 | D:1      | Reached XP level 1. HP: 19/19 MP: 0/0
    70 | D:1      | Reached XP level 2. HP: 26/27 MP: 1/1
   294 | D:1      | You fall through a shaft!
   540 | D:1      | Reached XP level 3. HP: 31/33 MP: 2/2
   929 | D:2      | Found a sparkling altar of Nemelex Xobeh.
  1321 | D:3      | Reached XP level 4. HP: 34/40 MP: 3/3
  1606 | D:3      | Reached skill level 3 in Long Blades
  1714 | D:3      | Found an opulent altar of Gozag.
  1724 | D:3      | Noticed aliadon's ghost (weakling DsFi)
  1731 | D:3      | Reached skill level 1 in Dodging
  1742 | D:3      | Killed aliadon's ghost
  1742 | D:3      | Reached skill level 5 in Shields
  1742 | D:3      | Reached XP level 5. HP: 26/47 MP: 4/4
  1754 | D:3      | Gained mutation: You expend magic power (3 MP) to strengthen your wands. [mutagenic glow]
  2368 | D:3      | Noticed an ogre
  2379 | D:3      | Killed an ogre
  2584 | D:4      | Reached XP level 6. HP: 40/53 MP: 5/5
  2694 | D:4      | Reached skill level 4 in Long Blades
  2701 | D:4      | Reached skill level 5 in Armour
  3085 | D:4      | Noticed Menkaure
  3091 | D:4      | Killed Menkaure
  3091 | D:4      | Reached skill level 5 in Fighting
  3091 | D:4      | Reached XP level 7. HP: 61/61 MP: 6/6
  3451 | D:5      | Entered Level 5 of the Dungeon
  3488 | D:5      | Reached skill level 5 in Long Blades
  3540 | D:5      | Found Vehotefefi's Food Boutique.
  3629 | D:5      | Reached skill level 6 in Long Blades
  4245 | D:5      | Reached XP level 8. HP: 66/70 MP: 7/7
  4279 | D:5      | Reached skill level 7 in Long Blades
  4856 | D:6      | Got a faintly glowing hunting sling
  4857 | D:6      | Identified the +6 hunting sling of the Forgotten Dreams {velocity, MR+ Int+2} (You found it on level 6 of the Dungeon)
  5195 | D:7      | Found a bloodstained altar of Trog.
  5196 | D:7      | Found a shimmering altar of Xom.
  5198 | D:7      | Found a shadowy altar of Dithmenos.
  5238 | D:7      | Found a glowing golden altar of the Shining One.
  5312 | D:6      | Reached skill level 8 in Long Blades
  5428 | D:7      | Found a hide-covered altar of Uskayaw.
  5429 | D:7      | Found a glowing silver altar of Zin.
  5431 | D:7      | Found a hazy altar of Hepliaklqana.
  5432 | D:7      | Found a burning altar of Makhleb.
  5476 | D:7      | Found a staircase to the Ecumenical Temple.
  5490 | Temple   | Entered the Ecumenical Temple
  5555 | Temple   | Became a worshipper of Warmaster Okawaru
  5622 | D:7      | Noticed a troll
  6269 | D:8      | Reached XP level 9. HP: 60/77 MP: 8/8
  6298 | D:8      | Reached skill level 9 in Long Blades
  6307 | D:8      | Reached * piety under Okawaru
  6571 | D:8      | Reached skill level 1 in Stealth
  7210 | D:8      | Reached skill level 10 in Long Blades
  7259 | D:8      | Noticed a two-headed ogre
  7270 | D:8      | Killed a two-headed ogre
  7270 | D:8      | Reached ** piety under Okawaru
  7270 | D:8      | Reached XP level 10. HP: 74/86 MP: 3/9
  7741 | D:9      | Reached *** piety under Okawaru
  7777 | D:9      | Reached skill level 11 in Long Blades
  8152 | D:10     | Entered Level 10 of the Dungeon
  8182 | D:10     | Found a staircase to the Orcish Mines.
  8215 | D:10     | Received a gift from Okawaru
  8277 | D:10     | Found a staircase to the Lair.
  8962 | D:10     | Reached **** piety under Okawaru
  9078 | D:10     | Reached skill level 10 in Shields
  9309 | D:10     | Reached XP level 11. HP: 77/94 MP: 10/10
  9323 | D:10     | Reached skill level 12 in Long Blades
  9436 | D:10     | Reached ***** piety under Okawaru
 10042 | D:11     | Killed an unseen horror
 10042 | D:11     | Reached skill level 10 in Armour
 10079 | D:11     | Noticed a two-headed ogre
 10088 | D:11     | Killed a two-headed ogre
 10277 | D:11     | Received a gift from Okawaru
 10385 | D:11     | Noticed a white ugly thing
 10404 | D:11     | Demolished by a white ugly thing

Skill      XL: |  1  2  3  4  5  6  7  8  9 10 11 |
---------------+----------------------------------+-----
Armour         | 4 5 6 8 9 10 | 10.3
Fighting       | 4 5 6 7 8 9 |  9.4
Shields        | 4 5 6 8 9 10 11 | 11.1
Long Blades    | 3 4 6 8 10 11 12 | 12.7
Dodging        | 1 2 3 4 |  4.6
Stealth        | 1 2 |  2.3
Invocations    | |  0.5
Evocations     | |  0.2

Action                   |  1- 3 |  4- 6 |  7- 9 | 10-12 || total
-------------------------+-------+-------+-------+-------++-------
Melee: Long sword        |    89 |    85 |   362 |   387 ||   923
       Headbutt          |    17 |    15 |    87 |    97 ||   216
Invok: Heroism           |       |       |     1 |     5 ||     6
Evoke: Wand              |       |       |     2 |       ||     2
  Use: Scroll            |       |     8 |     5 |     6 ||    19
       Potion            |       |     1 |     3 |     1 ||     5
  Eat: Chunk             |     1 |     6 |    10 |    10 ||    27
       Ration            |       |       |     2 |       ||     2
Armor: Scale mail        |    56 |    23 |    52 |       ||   131
       Chain mail        |       |       |    52 |    29 ||    81
       Plate armour      |       |       |       |   108 ||   108
Dodge: Dodged            |    42 |    39 |    95 |    83 ||   259
Block: Shield            |    72 |    43 |   223 |   255 ||   593
       Rpst.: Long sword |     8 |    12 |    20 |    18 ||    58
